 Dungeon Crawl Stone Soup version 0.30-a0-986-g7f2e898f52 (webtiles) character file.

Game seed: 3831098851486873963

65 Patoropollo the Chopper (level 4, -4/41 HPs)
             Began as a Hill Orc Monk on Apr 1, 2023.
             Slain by a worm (8 damage)
             ... on level 3 of the Dungeon.
             The game lasted 00:04:10 (1734 turns).

Patoropollo the Chopper (Hill Orc Monk)             Turns: 1734, Time: 00:04:11

Health: -4/41      AC:  3    Str: 15    XL:     4   Next: 13%
Magic:  4/4        EV: 12    Int: 10    God:
Gold:   142        SH:  0    Dex: 13    Spells: 3/3 levels left

rFire   . . .      SeeInvis +    a - +0 hand axe
rCold   . . .      Faith    .    (no shield)
rNeg    . . .      Spirit   .    b - +0 robe
rPois   .          Reflect  .    (no helmet)
rElec   .          Rampage  .    (no cloak)
rCorr   .                        m - +0 pair of gloves
Will    .....                    (no boots)
Stlth   ++                       (no amulet)
HPRegen 0.26/turn                j - ring of see invisible
MPRegen 0.09/turn                (no ring)

@: lethally poisoned (-4 -> -13)
A: no striking features
a: no special abilities


You were on level 3 of the Dungeon.
You visited 1 branch of the dungeon, and saw 3 of its levels.

You collected 142 gold pieces.

Inventory:

Hand Weapons
 a - a +0 hand axe (weapon)
Armour
 b - a +0 robe (worn)
 m - a +0 pair of gloves (worn)
Jewellery
 j - a ring of see invisible (left hand)
Wands
 i - a wand of roots (4)
Scrolls
 d - 2 scrolls of blinking {unknown}
 f - a scroll of enchant weapon {unknown}
 g - a scroll of magic mapping {unknown}
 h - a scroll of enchant armour {unknown}
 l - a scroll of teleportation {unknown}
 n - a scroll of fog {unknown}
 o - a scroll of amnesia {unknown}
Potions
 c - a potion of ambrosia
 e - 2 potions of berserk rage {unknown}
 k - a potion of flight {unknown}


   Skills:
 + Level 4.3 Fighting
 + Level 4.6 Axes
 + Level 1.6 Armour
 + Level 2.9 Dodging
 - Level 1.5 Stealth


You had 3 spell levels left.
You didn't know any spells.
Your spell library was empty.

Dungeon Overview and Level Annotations

Branches:
Dungeon (3/15)

Altars:


Message History

The orc hits you but does no damage.
You are poisoned.
The centaur hits you but does no damage.
The centaur kicks you.
You closely miss the centaur. You barely miss the worm. You hit the bat.
You kill the bat!
You closely miss the orc.
You feel very sick.
The centaur hits you but does no damage.
The centaur kicks you but does no damage.
The orc misses you. The worm closely misses you.
You hit the centaur.
The centaur is lightly wounded.
You hit the orc but do no damage. You hit the worm.
You feel sick.
The centaur hits you but does no damage.
The centaur closely misses you.
The orc hits you with a +0 dagger of venom.
* * * LOW HITPOINT WARNING * * *
The centaur closely misses you.
The centaur kicks you but does no damage.
You closely miss the centaur.
The centaur is lightly wounded.
You hit the orc but do no damage. You hit the worm.
You feel sick. The centaur barely misses you. The centaur kicks you.
* * * LOW HITPOINT WARNING * * *
A goblin comes into view. It is wielding a +0 dagger.
The worm barely misses you. The centaur hits you.
* * * LOW HITPOINT WARNING * * *
The centaur kicks you but does no damage.
You closely miss the centaur.
The centaur is lightly wounded.
The goblin shouts!
You hit the orc. You closely miss the orc. You hit the worm but do no damage.
You feel sick.
The orc hits you with a +0 dagger of venom.
* * * LOW HITPOINT WARNING * * *
You are lethally poisoned!
The orc misses you. The centaur closely misses you.
The centaur barely misses you. The worm bites you!
You die...

###....###
##......##
##........## #
####..........# .#
.?............##.#
####.............#
#...........##
#...)...†...##
..........w@o...#
####......oco....#
#.............#
#..............#
#..............#
#................
............g...
...............


You could see a centaur, a worm, 3 orcs and a goblin.

Vanquished Creatures
  An adder (D:2)
  A worm (D:2)
  A dart slug (D:1)
  2 orcs (D:3)
  3 endoplasms
  2 giant cockroaches
  8 goblins
  3 hobgoblins
  6 kobolds
  5 ball pythons
  6 bats
  4 frilled lizards
  8 rats
50 creatures vanquished.

Vanquished Creatures (others)
  4 plants (D:2)
4 creatures vanquished.

Grand Total: 54 creatures vanquished

Notes
Turn   | Place    | Note
-------+----------+-------------------------------------------
     0 | D:1      | Patoropollo the Hill Orc Monk began the quest for the Orb.
     0 | D:1      | Reached XP level 1. HP: 19/19 MP: 1/1
   275 | D:1      | Reached XP level 2. HP: 27/27 MP: 2/2
   496 | D:1      | Reached skill level 1 in Armour
   961 | D:2      | Reached XP level 3. HP: 32/33 MP: 3/3
  1673 | D:3      | Reached XP level 4. HP: 39/40 MP: 4/4
  1723 | D:3      | Noticed a centaur
  1734 | D:3      | Slain by a worm

Illustrated notes

Levels and vault maps discovered:
D:1:      eino_arrival_druids_welcome, layout_basic, hangedman_decor_growths
D:2:      layout_basic, skrybe_limestone_x, serial_bayou_ford_a
D:3:      corexii_shack_village, layout_rooms

Skill      XL: |  1  2 |
---------------+-------+-----
Armour         | 1 |  1.6
Fighting       | 4 |  4.3
Axes           | |  4.6
Dodging        | |  2.9
Stealth        | |  1.5

Action                     |  1- 3 |  4- 6 || total
---------------------------+-------+-------++-------
  Melee: Hand axe          |   124 |    17 ||   141
         Punch             |     1 |       ||     1
   Stab: Sleeping          |     6 |       ||     6
 Armour: Robe              |    32 |    16 ||    48
  Dodge: Dodged            |    72 |    25 ||    97

Table legend: (Time is in decaauts)
 A = Elapsed time spent in this place.
 B = Non-inter-level travel time spent in this place.
 C = Inter-level travel time spent in this place.
 D = Time resting spent in this place.
 E = Time spent auto-exploring this place.
 F = Levels seen in this place.
 G = Mean time per level.
                   A        B        C        D        E       F      G
               +--------+--------+--------+--------+--------+-----+--------+
         Total |   1757 |   1708 |     49 |      0 |   1345 |   3 |  585.7 |
       Dungeon |   1757 |   1708 |     49 |      0 |   1345 |   3 |  585.7 |
               +--------+--------+--------+--------+--------+-----+--------+

Top non-repeatable levels by time:
     D:1: 933 daAuts
     D:2: 720 daAuts
     D:3: 103 daAuts
